AoeStats
← TheQuietRiot

Hideout

508428860Analyzed
1v1 RM · 9d ago on Sep 22, 2026· 45m 57s· 2 players
Game mode
Random Map
Map size
Tiny (2 player)
Population
200
Speed
Normal
Resources
Standard
Victory
Conquest
Starting age
Dark Age
Ending age
Imperial Age
RankedLock teamsTeams togetherTeam positionsShared explorationLock speedFull tech treeHidden civsTurbo modeCheats
Victory
Defeat
🇹🇼 Britons · Taiwan
947
+16
🇬🇧 Britons · United Kingdom
954
-16
a0926231134
1:25 Loom
12:01 Feudal Age
13:27 Wheelbarrow
16:08 Castle Age
14:58 Double-Bit Axe
15:05 Gold Mining
15:25 Horse Collar
15:38 Stone Mining
17:18 Bow Saw
17:46 Gold Shaft Mining
21:14 Town Watch
22:20 Heavy Plow
23:02 Fletching
22:36 Crossbowman
24:22 Elite Skirmisher
33:04 Imperial Age
30:51 Masonry
31:03 Ballistics
30:35 Treadmill Crane
31:06 Masonry
31:16 Bodkin Arrow
31:21 Padded Archer Armor
31:29 Man-at-Arms
31:56 Gambesons
32:23 Forging
32:13 Scale Mail Armor
33:59 Leather Archer Armor
34:03 Bracer
33:25 Long Swordsman
35:47 Chemistry
35:21 Scale Mail Armor
37:54 Ring Archer Armor
37:39 Chain Mail Armor
38:00 Iron Casting
36:47 Two-Handed Swordsman
38:55 Iron Casting
40:31 Yeomen
41:30 Plate Mail Armor
42:00 Blast Furnace
43:32 Arson
46:05 Blast Furnace
TheQuietRiot
7:55 Loom
9:51 Feudal Age
8:08 Loom
10:37 Double-Bit Axe
11:50 Horse Collar
12:06 Gold Mining
16:30 Castle Age
15:41 Stone Mining
15:46 Gold Mining
18:03 Bow Saw
20:12 Wheelbarrow
21:04 Fletching
29:31 Bodkin Arrow
29:36 Padded Archer Armor
32:18 Hand Cart
31:53 Town Watch
34:50 Imperial Age
33:36 Ballistics
33:37 Town Patrol
34:24 Gold Shaft Mining
34:18 Heavy Plow
34:42 Leather Archer Armor
34:38 Forging
34:29 Scale Mail Armor
34:34 Squires
33:54 Pikeman
34:20 Gambesons
33:57 Man-at-Arms
34:16 Elite Skirmisher
36:58 Chemistry
36:21 Siege Engineers
37:30 Warwolf
38:29 Long Swordsman
40:34 Conscription
39:47 Onager
40:33 Husbandry
39:54 Light Cavalry
41:13 Cavalier
43:10 Iron Casting
42:41 Scale Barding Armor
Connection lost

Rejoining the realm…

Still unreachable

The connection could not be restored.

Session expired

The server has moved on; the page needs a fresh start.